 Dungeon Crawl Stone Soup version 0.30-a0-918-g0ff054e9dc (webtiles) character file.

Game seed: 15578848208454139804

116 kiwi3s the Chopper (level 4, -1/61 HPs)
             Began as a Minotaur Berserker on Mar 20, 2023.
             Was a Believer of Trog.
             Killed by nerve-wracking pain
             ... invoked by an orc priest
              (6 damage)
             ... on level 3 of the Dungeon.
             The game lasted 00:03:29 (1673 turns).

kiwi3s the Chopper (Minotaur Berserker)             Turns: 1673, Time: 00:03:30

Health: -1/61      AC:  9    Str: 23    XL:     4   Next: 70%
Magic:  3/3        EV: 11    Int:  4    God:    Trog [**....]
Gold:   228        SH:  0    Dex: 10    Spells: 3/3 levels left

rFire   . . .      SeeInvis .    a - +0 hand axe
rCold   . . .      Faith    .    (no shield)
rNeg    . . .      Spirit   .    h - +0 scale mail
rPois   .          Reflect  .    (helmet restricted)
rElec   .          Rampage  .    (no cloak)
rCorr   .                        s - +0 pair of gloves
Will    .....                    g - +0 pair of boots Stlth
                                 (no amulet)
HPRegen 0.30/turn                (no ring)
MPRegen 0.08/turn                (no ring)

@: berserking, very quick
A: horns 2, retaliatory headbutt
a: Renounce Religion, Berserk, Trog's Hand


You were on level 3 of the Dungeon.
You worshipped Trog.
Trog was pleased with you.
You visited 1 branch of the dungeon, and saw 3 of its levels.

You collected 228 gold pieces.

Inventory:

Hand Weapons
 a - a +0 hand axe (weapon)
Missiles
 j - 6 boomerangs (quivered)
Armour
 b - a +0 animal skin
 g - a +0 pair of boots (worn)
 h - a +0 scale mail (worn)
 q - a +0 chain mail
 s - a +0 pair of gloves (worn)
Jewellery
 k - a ring of protection from fire
Scrolls
 c - 3 scrolls of identify {unknown}
 d - a scroll of fear {unknown}
 i - 3 scrolls of teleportation {unknown}
 l - a scroll of enchant weapon {unknown}
 n - a scroll of poison {unknown}
 o - a scroll of magic mapping {unknown}
 p - a scroll of brand weapon {unknown}
 r - a scroll of immolation {unknown}
Potions
 e - a potion of curing {unknown}
 f - a potion of attraction {unknown}
 m - a potion of brilliance {unknown}


   Skills:
 + Level 4.5 Fighting
 + Level 4.6 Axes
 + Level 3.5 Armour
 + Level 3.3 Dodging


You had 3 spell levels left.
You didn't know any spells.
Your spell library was empty.

Dungeon Overview and Level Annotations

Branches:
Dungeon (3/15)

Altars:


Innate Abilities, Weirdness & Mutations

You have a pair of horns on your head.
You reflexively headbutt those who attack you in melee.


Message History

Trog accepts your kill.
You closely miss the orc priest.
The orc priest casts a cantrip, but nothing happens.
You barely miss the orc priest.
The orc priest is lightly wounded.
The orc priest hits you with a +2 heavy hand axe!
You barely miss the orc priest.
The orc priest is lightly wounded.
You hit the orc priest.
The orc priest is moderately wounded.
The orc priest hits you with a +2 heavy hand axe.
You are too injured to fight recklessly!
You are too injured to fight recklessly!
You are too injured to fight recklessly!
You are too injured to fight recklessly!
You hit the orc priest.
The orc priest is heavily wounded.
The orc priest hits you with a +2 heavy hand axe!
* * * LOW HITPOINT WARNING * * *
You barely miss the orc priest.
The orc priest is heavily wounded.
You hit the orc priest but do no damage.
The orc priest is heavily wounded.
The orc priest hits you but does no damage.
You completely miss the orc priest. Your headbutt misses the orc priest.
The orc priest is heavily wounded.
The orc priest hits you with a +2 heavy hand axe.
* * * LOW HITPOINT WARNING * * *
A red film seems to cover your vision as you go berserk!
You feel yourself moving faster!
You feel mighty!
The orc priest hits you with a +2 heavy hand axe!
* * * LOW HITPOINT WARNING * * *
You closely miss the orc priest. Your headbutt misses the orc priest.
You punch the orc priest.
The orc priest is severely wounded.
You completely miss the orc priest.
The orc priest is severely wounded.
The orc priest invokes the aid of Beogh against you.
Pain shoots through your body!
You die...

#..###. ... .....# #.
..# #.##..###. ..# #
#...... ..# #......
######### .. #......
#.......# ##.######
#..###. #.#####.#
#o).....# #.. #.
#.###.#.# #@.# #..###.
#.##....######..####
......
#.#................#
##......
#........####.........
....... #.......##
##...###.# #..###.
#.......... #..## #
#..# #. ##.#.######
#.... #..###. ##.#.#
##.### #...... ##.#..#
'# #...†..


You could see an orc priest.

Vanquished Creatures
  4 adders
  5 dart slugs
  4 orcs (D:3)
  5 bats
  4 endoplasms
  3 giant cockroaches
  3 goblins
  5 hobgoblins
  10 jackals
  2 kobolds
  2 quokkas
  6 ball pythons
  A frilled lizard (D:1)
  6 rats
60 creatures vanquished.

Notes
Turn   | Place    | Note
-------+----------+-------------------------------------------
     0 | D:1      | kiwi3s the Minotaur Berserker began the quest for the Orb.
     0 | D:1      | Reached XP level 1. HP: 19/19 MP: 0/0
    51 | D:1      | Reached XP level 2. HP: 27/27 MP: 1/1
   505 | D:1      | Reached XP level 3. HP: 33/33 MP: 2/2
   631 | D:1      | Reached ** piety under Trog
   724 | D:2      | Found a faded altar of an unknown god.
   838 | D:2      | Reached XP level 4. HP: 31/40 MP: 3/3
  1175 | D:2      | Identified the +7 ring mail of the Saviour {Rampage
                  | *Corrode rPois Str+2}
  1673 | D:3      | Killed from afar by an orc priest

Illustrated notes

Levels and vault maps discovered:
D:1:      lightli_arrival_boilingwater, layout_loops_ring
D:2:      minmay_alternating_diamond, layout_rooms,
          ebering_ecumenical_altar_hall, kennysheep_generic_room_7
D:3:      layout_loops_corners, kennysheep_boxes

Skill      XL: |  1  2  3 |
---------------+----------+-----
Axes           | 4 |  4.6
Fighting       | 4 |  4.5
Armour         | 3 |  3.5
Dodging        | 3 |  3.3

Action                     |  1- 3 |  4- 6 || total
---------------------------+-------+-------++-------
  Melee: Hand axe          |    82 |    51 ||   133
         Headbutt          |    10 |     7 ||    17
         Punch             |       |     3 ||     3
 Invoke: Berserk           |       |     1 ||     1
 Armour: Animal skin       |    12 |       ||    12
         Scale mail        |    17 |    21 ||    38
  Dodge: Dodged            |    51 |    21 ||    72

Table legend: (Time is in decaauts)
 A = Elapsed time spent in this place.
 B = Non-inter-level travel time spent in this place.
 C = Inter-level travel time spent in this place.
 D = Time resting spent in this place.
 E = Time spent auto-exploring this place.
 F = Levels seen in this place.
 G = Mean time per level.
                   A        B        C        D        E       F      G
               +--------+--------+--------+--------+--------+-----+--------+
         Total |   1692 |   1644 |     48 |      0 |   1290 |   3 |  564.0 |
       Dungeon |   1692 |   1644 |     48 |      0 |   1290 |   3 |  564.0 |
               +--------+--------+--------+--------+--------+-----+--------+

Top non-repeatable levels by time:
     D:1: 725 daAuts
     D:2: 545 daAuts
     D:3: 421 daAuts
